Canucks vs Oilers

Created - February 12 2007 at 18:34

Goals
1 2 3 OT1 SO T
Canucks 1 3 0 0 1 4
Oilers 2 1 1 0 2 5
Shots
1 2 3 OT1 SO T
Canucks 6 16 11 1 5 34
Oilers 18 10 10 1 5 39

Period #1

1. Canucks , Mattias Ohlund 8 (Oleg Kvasha, Lukas Krajicek) at 12:02
2. Oilers , Daniel Alfredsson 20 (Shawn Horcoff) at 14:37 (PP)
3. Oilers , Daniel Alfredsson 21 (Ryan Smyth, Nicklas Lidstrom) at 18:28

Penalities :
Shawn Horcoff (EDM) for Slashing (Minor) at 0:09, Vesa Toskala (VAN) for Slashing (Minor) at 2:46 - Mattias Ohlund served the penalty., Jiri Fischer (VAN) for Slashing (Minor) at 6:37, Nick Boynton (VAN) for Cross-checking (Minor) at 9:36, Nick Boynton (VAN) for Slashing (Double Minor) at 14:13, Keith Tkachuk (EDM) for Tripping (Minor) at 18:46

Period #2

4. Oilers , Jarret Stoll 10 (Keith Tkachuk, Dick Tarnstrom) at 1:17
5. Canucks , Marc Chouinard 2 (Mattias Ohlund, Lukas Krajicek) at 9:01
6. Canucks , Saku Koivu 18 (Alexei Kovalev, Jan Bulis) at 16:24 (PP)
7. Canucks , Jan Bulis 8 (Saku Koivu, Alexei Kovalev) at 19:16 (PP)

Penalities :
Fernando Pisani (EDM) for Cross-checking (Minor) at 6:42, Shawn Horcoff (EDM) for Tripping (Minor) at 14:57, Ryan Smyth (EDM) for Cross-checking (Minor) at 19:04

Period #3

8. Oilers , Ales Hemsky 21 (Jason Smith, Dick Tarnstrom) at 0:21

Penalities :
Mattias Ohlund (VAN) for Clipping (Minor) at 9:46, Dick Tarnstrom (EDM) for Cross-checking (Minor) at 14:48, Daniel Alfredsson (EDM) for Interference (Minor) at 18:35

Overtime #1

No Goal

Penalities :
No Penalty

Shootout

Penalty Shot by Alexei Kovalev for Canucks - Stopped by Jussi Markkanen
Penalty Shot by Daniel Alfredsson for Oilers - Stopped by Vesa Toskala
Penalty Shot by Saku Koivu for Canucks - Goal!
Penalty Shot by Ryan Smyth for Oilers - Goal!
Penalty Shot by Brendan Morrison for Canucks - Stopped by Jussi Markkanen
Penalty Shot by Mike Sillinger for Oilers - Stopped by Vesa Toskala
Penalty Shot by Bryan Smolinski for Canucks - Shot Misses the Net
Penalty Shot by Raffi Torres for Oilers - Stopped by Vesa Toskala
Penalty Shot by Jan Bulis for Canucks - Stopped by Jussi Markkanen
Penalty Shot by Keith Tkachuk for Oilers - Goal!

Penalities :
No Penalty

Goalie Stats

Vesa Toskala (VAN), 35 saves from 39 shots - (0.897), OTL, 8-13-3, 65:00 minutes
Jussi Markkanen (EDM), 30 saves from 34 shots - (0.882), W, 8-5-5, 65:00 minutes

Players Stats

Canucks
Player Name              G  A  P  +/- PIM S  H  SB FO MP 
-----------------------------------------------------------
Alexei Kovalev           0  2  2  -1  0   3  1  0  14 24 
Anson Carter             0  0  0  -1  0   8  1  0  2  18 
Brendan Morrison         0  0  0  -1  0   2  0  0  37 26 
Bryan Smolinski          0  0  0  -1  0   0  0  2  14 19 
Eric Weinrich            0  0  0  -1  0   1  0  1  0  24 
Jan Bulis                1  1  2   0  0   2  0  0  2  16 
Jiri Fischer             0  0  0  -1  2   0  1  1  0  24 
Lukas Krajicek           0  2  2   1  0   1  1  0  0  21 
Marc Chouinard           1  0  1   1  0   2  0  1  6  9  
Mark Bell                0  0  0  -1  0   3  2  0  2  18 
Matt Cooke               0  0  0  -1  0   3  0  1  1  11 
Mattias Ohlund           1  1  2   1  2   3  1  1  0  26 
Nick Boynton             0  0  0  -1  6   0  1  3  0  15 
Oleg Kvasha              0  1  1   1  0   1  1  0  2  18 
Ryan Kesler              0  0  0   0  0   0  0  0  0  1  
Saku Koivu               1  1  2   0  0   4  0  0  23 23 
Trevor Linden            0  0  0   1  0   0  0  0  1  9  
Willie Mitchell          0  0  0  -1  0   1  1  1  0  26 
Oilers
Player Name              G  A  P  +/- PIM S  H  SB FO MP 
-----------------------------------------------------------
Ales Hemsky              1  0  1   2  0   4  0  0  1  18 
Daniel Alfredsson        2  0  2   1  2   7  1  0  3  23 
Daniel Tjarnqvist        0  0  0  -1  0   3  1  2  0  21 
Dick Tarnstrom           0  2  2   2  2   2  3  1  0  19 
Ethan Moreau             0  0  0  -1  0   0  1  1  7  5  
Fernando Pisani          0  0  0  -1  2   5  1  0  0  15 
Jarret Stoll             1  0  1   2  0   7  3  0  36 23 
Jason Smith              0  1  1   1  0   0  1  3  0  24 
Keith Tkachuk            0  1  1   2  2   3  0  0  1  13 
Marty Reasoner           0  0  0  -1  0   1  0  0  16 15 
Mike Sillinger           0  0  0  -1  0   1  0  0  4  20 
Nicklas Lidstrom         0  1  1   0  0   0  0  4  0  27 
Petr Sykora              0  0  0  -1  0   0  0  0  0  5  
Raffi Torres             0  0  0  -1  0   0  0  0  0  6  
Ruslan Salei             0  0  0  -1  0   1  2  1  0  21 
Ryan Smyth               0  1  1   1  2   4  1  0  6  24 
Shawn Horcoff            0  1  1   1  4   1  0  1  30 23 
Steve Staios             0  0  0   1  0   0  0  2  0  24 

3 Stars

1 - Daniel Alfredsson (EDM)
2 - Mattias Ohlund (VAN)
3 - Dick Tarnstrom (EDM)

Power Play

Canucks - 2 on 7 Attempt(s) - 28.57%
Oilers - 1 on 4 Attempt(s) - 25.00%

Penalty Kill

Canucks - 3 on 4 Attempt(s) - 75.00% - Score 0 goal in Penalty Kill
Oilers - 5 on 7 Attempt(s) - 71.43% - Score 0 goal in Penalty Kill

Game Notes

No Game Note

Finance

Level 1 -- Attendance: 3164 (63.29%) -- Ticket Income $316,400.00
Level 2 -- Attendance: 2608 (61.37%) -- Ticket Income $156,480.00
Level 3 -- Attendance: 1372 (64.13%) -- Ticket Income $48,020.00
Level 4 -- Attendance: 3051 (76.27%) -- Ticket Income $61,020.00
Luxury Box -- Attendance: 694 (69.45%) -- Ticket Income $138,800.00
Game was played at the Rexall Place
Total Attendance: 10889 (66.44%)
Total Ticket Income: $754,882.10
Other Income: $57,715.10
Total Income: $812,597.00


Play by Play

Period #1

0:01 of 1st period - Saku Koivu wins face-off versus Shawn Horcoff in neutral zone.
0:09 of 1st period - Minor Penalty to Shawn Horcoff for Slashing.
0:10 of 1st period - Jarret Stoll wins face-off versus Brendan Morrison in Oilers zone.
1:23 of 1st period - Shot by Alexei Kovalev.
1:23 of 1st period - Stopped by Jussi Markkanen without a rebound.
1:24 of 1st period - Mike Sillinger wins face-off versus Saku Koivu in Oilers zone.
1:35 of 1st period - Shot by Saku Koivu.
1:35 of 1st period - Shot Misses the Net.
1:36 of 1st period - Shot by Jan Bulis.
1:36 of 1st period - Shot Blocked by Steve Staios.
1:39 of 1st period - Shot by Alexei Kovalev.
1:39 of 1st period - Stopped by Jussi Markkanen without a rebound.
1:40 of 1st period - Brendan Morrison wins face-off versus Jarret Stoll in Oilers zone.
2:06 of 1st period - Icing by Jiri Fischer.
2:07 of 1st period - Brendan Morrison wins face-off versus Mike Sillinger in Canucks zone.
2:44 of 1st period - Shot by Fernando Pisani.
2:44 of 1st period - Shot Blocked by Marc Chouinard.
2:45 of 1st period - Shot by Fernando Pisani.
2:45 of 1st period - Stopped by Vesa Toskala with a rebound.
2:46 of 1st period - Shot by Daniel Tjarnqvist.
2:46 of 1st period - Stopped by Vesa Toskala without a rebound.
2:46 of 1st period - Minor Penalty to Vesa Toskala for Slashing.
2:47 of 1st period - Alexei Kovalev wins face-off versus Shawn Horcoff in Canucks zone.
4:57 of 1st period - Marc Chouinard is hit by Ethan Moreau and loses puck.
4:59 of 1st period - Shot by Marc Chouinard.
4:59 of 1st period - Stopped by Jussi Markkanen without a rebound.
5:00 of 1st period - Bryan Smolinski wins face-off versus Ethan Moreau in Oilers zone.
5:01 of 1st period - Shot by Oleg Kvasha.
5:01 of 1st period - Shot Misses the Net.
5:23 of 1st period - Icing by Matt Cooke.
5:24 of 1st period - Jarret Stoll wins face-off versus Bryan Smolinski in Canucks zone.
5:29 of 1st period - Shot by Ales Hemsky.
5:29 of 1st period - Stopped by Vesa Toskala without a rebound.
5:30 of 1st period - Marty Reasoner wins face-off versus Brendan Morrison in Canucks zone.
5:31 of 1st period - Shot by Fernando Pisani.
5:31 of 1st period - Shot Blocked by Willie Mitchell.
5:36 of 1st period - Shot by Fernando Pisani.
5:36 of 1st period - Stopped by Vesa Toskala without a rebound.
5:37 of 1st period - Saku Koivu wins face-off versus Jarret Stoll in Canucks zone.
6:07 of 1st period - Alexei Kovalev is hit by Jarret Stoll and loses puck.
6:29 of 1st period - Shot by Shawn Horcoff.
6:29 of 1st period - Shot Misses the Net.
6:37 of 1st period - Minor Penalty to Jiri Fischer for Slashing.
6:38 of 1st period - Shawn Horcoff wins face-off versus Brendan Morrison in Oilers zone.
6:52 of 1st period - Off-side.
6:53 of 1st period - Jarret Stoll wins face-off versus Brendan Morrison in neutral zone.
7:56 of 1st period - Shot by Ryan Smyth.
7:56 of 1st period - Shot Misses the Net.
7:57 of 1st period - Shot by Steve Staios.
7:57 of 1st period - Shot Misses the Net.
8:00 of 1st period - Shot by Daniel Alfredsson.
8:00 of 1st period - Shot Misses the Net.
8:01 of 1st period - Shot by Nicklas Lidstrom.
8:01 of 1st period - Shot Misses the Net.
8:06 of 1st period - Shot by Ryan Smyth.
8:06 of 1st period - Shot Misses the Net.
8:09 of 1st period - Shot by Shawn Horcoff.
8:09 of 1st period - Stopped by Vesa Toskala without a rebound.
8:10 of 1st period - Shawn Horcoff wins face-off versus Alexei Kovalev in Canucks zone.
9:00 of 1st period - Oleg Kvasha is hit by Daniel Tjarnqvist and loses puck.
9:31 of 1st period - Icing by Nick Boynton.
9:32 of 1st period - Ethan Moreau wins face-off versus Oleg Kvasha in Canucks zone.
9:36 of 1st period - Minor Penalty to Nick Boynton for Cross-checking.
9:37 of 1st period - Alexei Kovalev wins face-off versus Shawn Horcoff in Canucks zone.
9:56 of 1st period - Shot by Ryan Smyth.
9:56 of 1st period - Shot Misses the Net.
10:45 of 1st period - Shot by Mike Sillinger.
10:45 of 1st period - Shot Misses the Net.
10:46 of 1st period - Shot by Dick Tarnstrom.
10:46 of 1st period - Stopped by Vesa Toskala without a rebound.
10:47 of 1st period - Jarret Stoll wins face-off versus Brendan Morrison in Canucks zone.
10:50 of 1st period - Shot by Jarret Stoll.
10:50 of 1st period - Stopped by Vesa Toskala with a rebound.
10:51 of 1st period - Shot by Dick Tarnstrom.
10:51 of 1st period - Stopped by Vesa Toskala without a rebound.
10:52 of 1st period - Daniel Alfredsson wins face-off versus Brendan Morrison in Canucks zone.
11:01 of 1st period - Shot by Daniel Alfredsson.
11:01 of 1st period - Stopped by Vesa Toskala without a rebound.
11:02 of 1st period - Jarret Stoll wins face-off versus Alexei Kovalev in Canucks zone.
11:21 of 1st period - Shot by Jarret Stoll.
11:21 of 1st period - Stopped by Vesa Toskala without a rebound.
11:22 of 1st period - Shawn Horcoff wins face-off versus Alexei Kovalev in Canucks zone.
11:57 of 1st period - Shot by Lukas Krajicek.
11:57 of 1st period - Shot Misses the Net.
12:00 of 1st period - Shot by Oleg Kvasha.
12:00 of 1st period - Shot Blocked by Jason Smith.
12:01 of 1st period - Shot by Mattias Ohlund.
12:01 of 1st period - Shot Misses the Net.
12:02 of 1st period - Shot by Mattias Ohlund.
12:02 of 1st period - Goal by Mattias Ohlund - Canucks : 1 - Oilers : 0.
12:03 of 1st period - Marty Reasoner wins face-off versus Brendan Morrison in neutral zone.
12:06 of 1st period - Shot by Fernando Pisani.
12:06 of 1st period - Shot Misses the Net.
12:07 of 1st period - Shot by Daniel Tjarnqvist.
12:07 of 1st period - Stopped by Vesa Toskala with a rebound.
12:10 of 1st period - Shot by Mike Sillinger.
12:10 of 1st period - Stopped by Vesa Toskala without a rebound.
12:11 of 1st period - Jarret Stoll wins face-off versus Brendan Morrison in Canucks zone.
12:14 of 1st period - Shot by Keith Tkachuk.
12:14 of 1st period - Stopped by Vesa Toskala without a rebound.
12:15 of 1st period - Bryan Smolinski wins face-off versus Marty Reasoner in Canucks zone.
12:30 of 1st period - Shot by Marty Reasoner.
12:30 of 1st period - Stopped by Vesa Toskala with a rebound.
12:31 of 1st period - Shot by Ruslan Salei.
12:31 of 1st period - Shot Misses the Net.
12:32 of 1st period - Shot by Daniel Tjarnqvist.
12:32 of 1st period - Shot Blocked by Bryan Smolinski.
12:37 of 1st period - Shot by Marty Reasoner.
12:37 of 1st period - Shot Misses the Net.
12:38 of 1st period - Shot by Daniel Tjarnqvist.
12:38 of 1st period - Stopped by Vesa Toskala without a rebound.
12:39 of 1st period - Jarret Stoll wins face-off versus Brendan Morrison in Canucks zone.
12:43 of 1st period - Ales Hemsky is hit by Mark Bell and loses puck.
12:46 of 1st period - Icing by Willie Mitchell.
12:47 of 1st period - Brendan Morrison wins face-off versus Jarret Stoll in Canucks zone.
13:09 of 1st period - Ales Hemsky is hit by Willie Mitchell and loses puck.
13:21 of 1st period - Shot by Ales Hemsky.
13:21 of 1st period - Shot Misses the Net.
13:25 of 1st period - Brendan Morrison is hit by Dick Tarnstrom and loses puck.
13:42 of 1st period - Alexei Kovalev is hit by Jason Smith and loses puck.
13:56 of 1st period - Shot by Saku Koivu.
13:56 of 1st period - Stopped by Jussi Markkanen with a rebound.
13:57 of 1st period - Shot by Mattias Ohlund.
13:57 of 1st period - Shot Blocked by Jason Smith.
14:00 of 1st period - Shot by Saku Koivu.
14:00 of 1st period - Stopped by Jussi Markkanen without a rebound.
14:01 of 1st period - Bryan Smolinski wins face-off versus Shawn Horcoff in Oilers zone.
14:13 of 1st period - Double Minor Penalty to Nick Boynton for Slashing.
14:14 of 1st period - Alexei Kovalev wins face-off versus Shawn Horcoff in neutral zone.
14:37 of 1st period - Shot by Daniel Alfredsson.
14:37 of 1st period - Goal by Daniel Alfredsson - Canucks : 1 - Oilers : 1.
14:38 of 1st period - Shawn Horcoff wins face-off versus Alexei Kovalev in neutral zone.
14:43 of 1st period - Shot by Ryan Smyth.
14:43 of 1st period - Shot Blocked by Eric Weinrich.
15:51 of 1st period - Icing by Nicklas Lidstrom.
15:52 of 1st period - Brendan Morrison wins face-off versus Shawn Horcoff in Oilers zone.
16:46 of 1st period - Icing by Marc Chouinard.
16:47 of 1st period - Trevor Linden wins face-off versus Ethan Moreau in Canucks zone.
17:04 of 1st period - Shot by Oleg Kvasha.
17:04 of 1st period - Shot Blocked by Ethan Moreau.
18:10 of 1st period - Anson Carter is hit by Daniel Alfredsson and loses puck.
18:28 of 1st period - Shot by Daniel Alfredsson.
18:28 of 1st period - Goal by Daniel Alfredsson - Canucks : 1 - Oilers : 2.
18:29 of 1st period - Marty Reasoner wins face-off versus Bryan Smolinski in neutral zone.
18:38 of 1st period - Shot by Fernando Pisani.
18:38 of 1st period - Stopped by Vesa Toskala without a rebound.
18:39 of 1st period - Keith Tkachuk wins face-off versus Saku Koivu in Canucks zone.
18:39 of 1st period - Ales Hemsky is hit by Nick Boynton and loses puck.
18:46 of 1st period - Minor Penalty to Keith Tkachuk for Tripping.
18:47 of 1st period - Jan Bulis wins face-off versus Jarret Stoll in Canucks zone.

Period #2

0:01 of 2nd period - Shawn Horcoff wins face-off versus Saku Koivu in neutral zone.
0:20 of 2nd period - Shot by Alexei Kovalev.
0:20 of 2nd period - Shot Misses the Net.
1:05 of 2nd period - Shot by Fernando Pisani.
1:05 of 2nd period - Stopped by Vesa Toskala without a rebound.
1:06 of 2nd period - Marc Chouinard wins face-off versus Jarret Stoll in Canucks zone.
1:17 of 2nd period - Shot by Jarret Stoll.
1:17 of 2nd period - Goal by Jarret Stoll - Canucks : 1 - Oilers : 3.
1:18 of 2nd period - Shawn Horcoff wins face-off versus Brendan Morrison in neutral zone.
1:18 of 2nd period - Ryan Smyth is hit by Anson Carter and loses puck.
1:36 of 2nd period - Shot by Brendan Morrison.
1:36 of 2nd period - Stopped by Jussi Markkanen without a rebound.
1:37 of 2nd period - Marty Reasoner wins face-off versus Bryan Smolinski in Oilers zone.
2:06 of 2nd period - Shot by Oleg Kvasha.
2:06 of 2nd period - Shot Misses the Net.
2:07 of 2nd period - Shot by Bryan Smolinski.
2:07 of 2nd period - Shot Misses the Net.
2:08 of 2nd period - Shot by Oleg Kvasha.
2:08 of 2nd period - Shot Hit the Post.
2:09 of 2nd period - Shot by Nick Boynton.
2:09 of 2nd period - Shot Blocked by Daniel Tjarnqvist.
2:23 of 2nd period - Fernando Pisani is hit by Lukas Krajicek and loses puck.
2:41 of 2nd period - Shot by Alexei Kovalev.
2:41 of 2nd period - Stopped by Jussi Markkanen without a rebound.
2:42 of 2nd period - Jarret Stoll wins face-off versus Mark Bell in Oilers zone.
3:07 of 2nd period - Shot by Ales Hemsky.
3:07 of 2nd period - Shot Blocked by Jiri Fischer.
3:10 of 2nd period - Shot by Keith Tkachuk.
3:10 of 2nd period - Stopped by Vesa Toskala with a rebound.
3:11 of 2nd period - Shot by Dick Tarnstrom.
3:11 of 2nd period - Shot Misses the Net.
3:14 of 2nd period - Shot by Ales Hemsky.
3:14 of 2nd period - Shot Misses the Net.
3:17 of 2nd period - Shot by Jarret Stoll.
3:17 of 2nd period - Stopped by Vesa Toskala without a rebound.
3:18 of 2nd period - Daniel Alfredsson wins face-off versus Saku Koivu in Canucks zone.
5:17 of 2nd period - Shot by Jarret Stoll.
5:17 of 2nd period - Stopped by Vesa Toskala with a rebound.
5:31 of 2nd period - Matt Cooke is hit by Dick Tarnstrom and loses puck.
5:55 of 2nd period - Shot by Daniel Alfredsson.
5:55 of 2nd period - Stopped by Vesa Toskala with a rebound.
6:08 of 2nd period - Shot by Anson Carter.
6:08 of 2nd period - Shot Misses the Net.
6:21 of 2nd period - Shot by Anson Carter.
6:21 of 2nd period - Stopped by Jussi Markkanen without a rebound.
6:22 of 2nd period - Saku Koivu wins face-off versus Marty Reasoner in Oilers zone.
6:42 of 2nd period - Minor Penalty to Fernando Pisani for Cross-checking.
6:43 of 2nd period - Brendan Morrison wins face-off versus Jarret Stoll in Canucks zone.
7:10 of 2nd period - Shot by Anson Carter.
7:10 of 2nd period - Stopped by Jussi Markkanen without a rebound.
7:11 of 2nd period - Saku Koivu wins face-off versus Jarret Stoll in Oilers zone.
7:46 of 2nd period - Shot by Daniel Alfredsson.
7:46 of 2nd period - Stopped by Vesa Toskala without a rebound.
7:47 of 2nd period - Brendan Morrison wins face-off versus Jarret Stoll in Canucks zone.
8:04 of 2nd period - Shot by Anson Carter.
8:04 of 2nd period - Stopped by Jussi Markkanen without a rebound.
8:05 of 2nd period - Jarret Stoll wins face-off versus Brendan Morrison in Oilers zone.
8:22 of 2nd period - Shot by Mark Bell.
8:22 of 2nd period - Shot Blocked by Nicklas Lidstrom.
8:25 of 2nd period - Shot by Brendan Morrison.
8:25 of 2nd period - Shot Misses the Net.
8:28 of 2nd period - Shot by Anson Carter.
8:28 of 2nd period - Stopped by Jussi Markkanen with a rebound.
8:31 of 2nd period - Shot by Mark Bell.
8:31 of 2nd period - Shot Misses the Net.
8:32 of 2nd period - Shot by Willie Mitchell.
8:32 of 2nd period - Shot Misses the Net.
8:33 of 2nd period - Shot by Brendan Morrison.
8:33 of 2nd period - Shot Blocked by Nicklas Lidstrom.
8:34 of 2nd period - Shot by Mark Bell.
8:34 of 2nd period - Stopped by Jussi Markkanen without a rebound.
8:35 of 2nd period - Saku Koivu wins face-off versus Jarret Stoll in Oilers zone.
8:43 of 2nd period - Icing by Ruslan Salei.
8:44 of 2nd period - Marc Chouinard wins face-off versus Marty Reasoner in Oilers zone.
8:57 of 2nd period - Shot by Lukas Krajicek.
8:57 of 2nd period - Shot Misses the Net.
8:58 of 2nd period - Shot by Mattias Ohlund.
8:58 of 2nd period - Shot Misses the Net.
9:01 of 2nd period - Shot by Marc Chouinard.
9:01 of 2nd period - Goal by Marc Chouinard - Canucks : 2 - Oilers : 3.
9:02 of 2nd period - Jarret Stoll wins face-off versus Bryan Smolinski in neutral zone.
9:17 of 2nd period - Shot by Keith Tkachuk.
9:17 of 2nd period - Stopped by Vesa Toskala with a rebound.
9:18 of 2nd period - Shot by Jarret Stoll.
9:18 of 2nd period - Stopped by Vesa Toskala without a rebound.
9:19 of 2nd period - Marty Reasoner wins face-off versus Saku Koivu in Canucks zone.
9:25 of 2nd period - Saku Koivu is hit by Ruslan Salei and loses puck.
9:54 of 2nd period - Saku Koivu is hit by Ruslan Salei and loses puck.
10:49 of 2nd period - Icing by Steve Staios.
10:50 of 2nd period - Bryan Smolinski wins face-off versus Shawn Horcoff in Oilers zone.
10:55 of 2nd period - Shot by Matt Cooke.
10:55 of 2nd period - Stopped by Jussi Markkanen without a rebound.
10:56 of 2nd period - Bryan Smolinski wins face-off versus Jarret Stoll in Oilers zone.
11:07 of 2nd period - Shot by Matt Cooke.
11:07 of 2nd period - Shot Blocked by Dick Tarnstrom.
12:37 of 2nd period - Icing by Fernando Pisani.
12:38 of 2nd period - Marty Reasoner wins face-off versus Anson Carter in Oilers zone.
13:08 of 2nd period - Icing by Fernando Pisani.
13:09 of 2nd period - Marty Reasoner wins face-off versus Marc Chouinard in Oilers zone.
13:37 of 2nd period - Icing by Mattias Ohlund.
13:38 of 2nd period - Jarret Stoll wins face-off versus Marc Chouinard in Canucks zone.
13:41 of 2nd period - Shot by Keith Tkachuk.
13:41 of 2nd period - Shot Hit the Post.
13:58 of 2nd period - Shot by Keith Tkachuk.
13:58 of 2nd period - Shot Blocked by Mattias Ohlund.
13:59 of 2nd period - Shot by Jason Smith.
13:59 of 2nd period - Shot Misses the Net.
14:44 of 2nd period - Shot by Ryan Smyth.
14:44 of 2nd period - Stopped by Vesa Toskala without a rebound.
14:45 of 2nd period - Anson Carter wins face-off versus Ethan Moreau in Canucks zone.
14:52 of 2nd period - Shot by Anson Carter.
14:52 of 2nd period - Stopped by Jussi Markkanen without a rebound.
14:53 of 2nd period - Brendan Morrison wins face-off versus Shawn Horcoff in Oilers zone.
14:57 of 2nd period - Minor Penalty to Shawn Horcoff for Tripping.
14:58 of 2nd period - Brendan Morrison wins face-off versus Jarret Stoll in Oilers zone.
15:01 of 2nd period - Shot by Anson Carter.
15:01 of 2nd period - Stopped by Jussi Markkanen without a rebound.
15:02 of 2nd period - Brendan Morrison wins face-off versus Ryan Smyth in Oilers zone.
15:09 of 2nd period - Shot by Anson Carter.
15:09 of 2nd period - Shot Misses the Net.
15:20 of 2nd period - Shot by Mark Bell.
15:20 of 2nd period - Shot Misses the Net.
16:19 of 2nd period - Shot by Alexei Kovalev.
16:19 of 2nd period - Shot Misses the Net.
16:24 of 2nd period - Shot by Saku Koivu.
16:24 of 2nd period - Goal by Saku Koivu - Canucks : 3 - Oilers : 3.
16:25 of 2nd period - Bryan Smolinski wins face-off versus Marty Reasoner in neutral zone.
16:30 of 2nd period - Shot by Matt Cooke.
16:30 of 2nd period - Stopped by Jussi Markkanen without a rebound.
16:31 of 2nd period - Marty Reasoner wins face-off versus Bryan Smolinski in Oilers zone.
16:38 of 2nd period - Shot by Fernando Pisani.
16:38 of 2nd period - Shot Misses the Net.
17:10 of 2nd period - Icing by Ruslan Salei.
17:11 of 2nd period - Brendan Morrison wins face-off versus Marty Reasoner in Oilers zone.
17:33 of 2nd period - Off-side.
17:34 of 2nd period - Shawn Horcoff wins face-off versus Marc Chouinard in neutral zone.
17:34 of 2nd period - Ryan Smyth is hit by Oleg Kvasha and loses puck.
18:06 of 2nd period - Shot by Oleg Kvasha.
18:06 of 2nd period - Shot Misses the Net.
18:07 of 2nd period - Shot by Mattias Ohlund.
18:07 of 2nd period - Stopped by Jussi Markkanen with a rebound.
18:10 of 2nd period - Shot by Lukas Krajicek.
18:10 of 2nd period - Stopped by Jussi Markkanen without a rebound.
18:11 of 2nd period - Jarret Stoll wins face-off versus Brendan Morrison in Oilers zone.
18:13 of 2nd period - Icing by Ales Hemsky.
18:14 of 2nd period - Jarret Stoll wins face-off versus Brendan Morrison in Oilers zone.
18:38 of 2nd period - Anson Carter is hit by Jarret Stoll and loses puck.
19:03 of 2nd period - Icing by Mattias Ohlund.
19:04 of 2nd period - Saku Koivu wins face-off versus Shawn Horcoff in Canucks zone.
19:04 of 2nd period - Minor Penalty to Ryan Smyth for Cross-checking.
19:05 of 2nd period - Saku Koivu wins face-off versus Shawn Horcoff in Canucks zone.
19:16 of 2nd period - Shot by Jan Bulis.
19:16 of 2nd period - Goal by Jan Bulis - Canucks : 4 - Oilers : 3.
19:17 of 2nd period - Oleg Kvasha wins face-off versus Marty Reasoner in neutral zone.
19:38 of 2nd period - Shot by Mike Sillinger.
19:38 of 2nd period - Shot Misses the Net.
19:41 of 2nd period - Shot by Fernando Pisani.
19:41 of 2nd period - Shot Blocked by Nick Boynton.

Period #3

0:01 of 3rd period - Shawn Horcoff wins face-off versus Saku Koivu in neutral zone.
0:06 of 3rd period - Shot by Ryan Smyth.
0:06 of 3rd period - Stopped by Vesa Toskala without a rebound.
0:07 of 3rd period - Brendan Morrison wins face-off versus Jarret Stoll in Canucks zone.
0:18 of 3rd period - Shot by Ales Hemsky.
0:18 of 3rd period - Shot Misses the Net.
0:21 of 3rd period - Shot by Ales Hemsky.
0:21 of 3rd period - Goal by Ales Hemsky - Canucks : 4 - Oilers : 4.
0:22 of 3rd period - Saku Koivu wins face-off versus Shawn Horcoff in neutral zone.
0:48 of 3rd period - Icing by Lukas Krajicek.
0:49 of 3rd period - Saku Koivu wins face-off versus Jarret Stoll in Canucks zone.
1:03 of 3rd period - Alexei Kovalev is hit by Dick Tarnstrom and loses puck.
1:07 of 3rd period - Shot by Jan Bulis.
1:07 of 3rd period - Stopped by Jussi Markkanen with a rebound.
1:08 of 3rd period - Shot by Alexei Kovalev.
1:08 of 3rd period - Shot Blocked by Jason Smith.
1:09 of 3rd period - Shot by Mattias Ohlund.
1:09 of 3rd period - Stopped by Jussi Markkanen without a rebound.
1:10 of 3rd period - Brendan Morrison wins face-off versus Marty Reasoner in Oilers zone.
1:21 of 3rd period - Shot by Fernando Pisani.
1:21 of 3rd period - Shot Misses the Net.
1:24 of 3rd period - Shot by Mike Sillinger.
1:24 of 3rd period - Shot Misses the Net.
1:28 of 3rd period - Fernando Pisani is hit by Mark Bell and loses puck.
1:30 of 3rd period - Shot by Ruslan Salei.
1:30 of 3rd period - Stopped by Vesa Toskala without a rebound.
1:31 of 3rd period - Shawn Horcoff wins face-off versus Matt Cooke in Canucks zone.
1:40 of 3rd period - Shot by Daniel Alfredsson.
1:40 of 3rd period - Shot Blocked by Matt Cooke.
2:48 of 3rd period - Icing by Dick Tarnstrom.
2:49 of 3rd period - Jarret Stoll wins face-off versus Saku Koivu in Oilers zone.
2:53 of 3rd period - Ales Hemsky is hit by Mattias Ohlund and loses puck.
3:59 of 3rd period - Shot by Bryan Smolinski.
3:59 of 3rd period - Shot Misses the Net.
4:34 of 3rd period - Shot by Ryan Smyth.
4:34 of 3rd period - Shot Blocked by Nick Boynton.
4:39 of 3rd period - Shot by Daniel Alfredsson.
4:39 of 3rd period - Shot Misses the Net.
4:40 of 3rd period - Shot by Shawn Horcoff.
4:40 of 3rd period - Shot Misses the Net.
4:41 of 3rd period - Shot by Nicklas Lidstrom.
4:41 of 3rd period - Shot Misses the Net.
4:46 of 3rd period - Shot by Daniel Alfredsson.
4:46 of 3rd period - Stopped by Vesa Toskala without a rebound.
4:47 of 3rd period - Ethan Moreau wins face-off versus Brendan Morrison in Canucks zone.
4:48 of 3rd period - Shot by Raffi Torres.
4:48 of 3rd period - Shot Misses the Net.
4:53 of 3rd period - Shot by Mark Bell.
4:53 of 3rd period - Shot Misses the Net.
4:54 of 3rd period - Shot by Mark Bell.
4:54 of 3rd period - Stopped by Jussi Markkanen without a rebound.
4:55 of 3rd period - Jarret Stoll wins face-off versus Brendan Morrison in Oilers zone.
5:07 of 3rd period - Off-side.
5:08 of 3rd period - Ethan Moreau wins face-off versus Saku Koivu in neutral zone.
5:15 of 3rd period - Shot by Petr Sykora.
5:15 of 3rd period - Shot Misses the Net.
6:20 of 3rd period - Shot by Anson Carter.
6:20 of 3rd period - Shot Blocked by Ruslan Salei.
6:21 of 3rd period - Shot by Brendan Morrison.
6:21 of 3rd period - Stopped by Jussi Markkanen without a rebound.
6:22 of 3rd period - Jarret Stoll wins face-off versus Brendan Morrison in Oilers zone.
6:30 of 3rd period - Keith Tkachuk is hit by Jiri Fischer and loses puck.
6:53 of 3rd period - Icing by Ales Hemsky.
6:54 of 3rd period - Marc Chouinard wins face-off versus Jarret Stoll in Oilers zone.
7:12 of 3rd period - Off-side.
7:13 of 3rd period - Mike Sillinger wins face-off versus Bryan Smolinski in neutral zone.
7:32 of 3rd period - Shot by Mike Sillinger.
7:32 of 3rd period - Shot Misses the Net.
8:19 of 3rd period - Shot by Ryan Smyth.
8:19 of 3rd period - Stopped by Vesa Toskala without a rebound.
8:20 of 3rd period - Shawn Horcoff wins face-off versus Brendan Morrison in Canucks zone.
8:35 of 3rd period - Shot by Ryan Smyth.
8:35 of 3rd period - Stopped by Vesa Toskala without a rebound.
8:36 of 3rd period - Saku Koivu wins face-off versus Jarret Stoll in Canucks zone.
8:43 of 3rd period - Shot by Saku Koivu.
8:43 of 3rd period - Stopped by Jussi Markkanen without a rebound.
8:44 of 3rd period - Shawn Horcoff wins face-off versus Brendan Morrison in Oilers zone.
9:28 of 3rd period - Brendan Morrison is hit by Jarret Stoll and loses puck.
9:46 of 3rd period - Shot by Keith Tkachuk.
9:46 of 3rd period - Stopped by Vesa Toskala without a rebound.
9:46 of 3rd period - Minor Penalty to Mattias Ohlund for Clipping.
9:47 of 3rd period - Alexei Kovalev wins face-off versus Ales Hemsky in Canucks zone.
9:48 of 3rd period - Alexei Kovalev wins face-off versus Jarret Stoll in Canucks zone.
9:54 of 3rd period - Icing by Dick Tarnstrom.
9:55 of 3rd period - Mike Sillinger wins face-off versus Alexei Kovalev in Oilers zone.
10:24 of 3rd period - Shot by Jarret Stoll.
10:24 of 3rd period - Shot Misses the Net.
10:50 of 3rd period - Icing by Shawn Horcoff.
10:51 of 3rd period - Shawn Horcoff wins face-off versus Alexei Kovalev in Oilers zone.
13:12 of 3rd period - Shot by Jarret Stoll.
13:12 of 3rd period - Stopped by Vesa Toskala without a rebound.
13:13 of 3rd period - Bryan Smolinski wins face-off versus Ethan Moreau in Canucks zone.
13:30 of 3rd period - Shot by Bryan Smolinski.
13:30 of 3rd period - Shot Blocked by Nicklas Lidstrom.
13:33 of 3rd period - Shot by Oleg Kvasha.
13:33 of 3rd period - Shot Misses the Net.
13:59 of 3rd period - Mattias Ohlund is hit by Fernando Pisani and loses puck.
14:06 of 3rd period - Icing by Daniel Tjarnqvist.
14:07 of 3rd period - Mark Bell wins face-off versus Marty Reasoner in Oilers zone.
14:16 of 3rd period - Shot by Brendan Morrison.
14:16 of 3rd period - Shot Misses the Net.
14:19 of 3rd period - Shot by Brendan Morrison.
14:19 of 3rd period - Shot Blocked by Daniel Tjarnqvist.
14:20 of 3rd period - Shot by Willie Mitchell.
14:20 of 3rd period - Stopped by Jussi Markkanen with a rebound.
14:23 of 3rd period - Shot by Anson Carter.
14:23 of 3rd period - Stopped by Jussi Markkanen without a rebound.
14:24 of 3rd period - Shawn Horcoff wins face-off versus Saku Koivu in Oilers zone.
14:38 of 3rd period - Icing by Mattias Ohlund.
14:39 of 3rd period - Jarret Stoll wins face-off versus Saku Koivu in Canucks zone.
14:39 of 3rd period - Ales Hemsky is hit by Alexei Kovalev and loses puck.
14:48 of 3rd period - Minor Penalty to Dick Tarnstrom for Cross-checking.
14:49 of 3rd period - Jarret Stoll wins face-off versus Brendan Morrison in Oilers zone.
15:29 of 3rd period - Icing by Jiri Fischer.
15:30 of 3rd period - Shawn Horcoff wins face-off versus Brendan Morrison in Canucks zone.
16:08 of 3rd period - Icing by Eric Weinrich.
16:09 of 3rd period - Saku Koivu wins face-off versus Shawn Horcoff in Canucks zone.
17:14 of 3rd period - Shot by Mike Sillinger.
17:14 of 3rd period - Stopped by Vesa Toskala with a rebound.
17:17 of 3rd period - Shot by Fernando Pisani.
17:17 of 3rd period - Shot Blocked by Nick Boynton.
17:54 of 3rd period - Shot by Daniel Alfredsson.
17:54 of 3rd period - Stopped by Vesa Toskala without a rebound.
17:55 of 3rd period - Bryan Smolinski wins face-off versus Jarret Stoll in Canucks zone.
18:02 of 3rd period - Shot by Matt Cooke.
18:02 of 3rd period - Stopped by Jussi Markkanen with a rebound.
18:17 of 3rd period - Shot by Oleg Kvasha.
18:17 of 3rd period - Stopped by Jussi Markkanen without a rebound.
18:18 of 3rd period - Shawn Horcoff wins face-off versus Brendan Morrison in Oilers zone.
18:30 of 3rd period - Brendan Morrison is hit by Ryan Smyth and loses puck.
18:35 of 3rd period - Minor Penalty to Daniel Alfredsson for Interference.
18:36 of 3rd period - Shawn Horcoff wins face-off versus Saku Koivu in Oilers zone.
19:01 of 3rd period - Shot by Jan Bulis.
19:01 of 3rd period - Shot Blocked by Shawn Horcoff.
19:28 of 3rd period - Shot by Anson Carter.
19:28 of 3rd period - Stopped by Jussi Markkanen with a rebound.
19:31 of 3rd period - Shot by Anson Carter.
19:31 of 3rd period - Stopped by Jussi Markkanen without a rebound.
19:32 of 3rd period - Jarret Stoll wins face-off versus Brendan Morrison in Oilers zone.

Overtime #1

0:01 of 1st overtime period - Alexei Kovalev wins face-off versus Ryan Smyth in neutral zone.
0:06 of 1st overtime period - Shot by Alexei Kovalev.
0:06 of 1st overtime period - Shot Misses the Net.
0:19 of 1st overtime period - Shot by Saku Koivu.
0:19 of 1st overtime period - Shot Blocked by Steve Staios.
0:20 of 1st overtime period - Shot by Eric Weinrich.
0:20 of 1st overtime period - Stopped by Jussi Markkanen without a rebound.
0:21 of 1st overtime period - Ryan Smyth wins face-off versus Brendan Morrison in Oilers zone.
0:35 of 1st overtime period - Off-side.
0:36 of 1st overtime period - Saku Koivu wins face-off versus Shawn Horcoff in neutral zone.
1:47 of 1st overtime period - Shot by Ales Hemsky.
1:47 of 1st overtime period - Shot Blocked by Bryan Smolinski.
2:01 of 1st overtime period - Icing by Daniel Tjarnqvist.
2:02 of 1st overtime period - Ryan Smyth wins face-off versus Brendan Morrison in Oilers zone.
2:15 of 1st overtime period - Shot by Brendan Morrison.
2:15 of 1st overtime period - Shot Misses the Net.
2:16 of 1st overtime period - Shot by Willie Mitchell.
2:16 of 1st overtime period - Shot Misses the Net.
3:05 of 1st overtime period - Shot by Alexei Kovalev.
3:05 of 1st overtime period - Shot Blocked by Nicklas Lidstrom.
3:09 of 1st overtime period - Off-side.
3:10 of 1st overtime period - Ryan Smyth wins face-off versus Jan Bulis in neutral zone.
3:14 of 1st overtime period - Off-side.
3:15 of 1st overtime period - Ryan Smyth wins face-off versus Alexei Kovalev in neutral zone.
3:22 of 1st overtime period - Shot by Ryan Smyth.
3:22 of 1st overtime period - Stopped by Vesa Toskala without a rebound.
3:23 of 1st overtime period - Brendan Morrison wins face-off versus Daniel Alfredsson in Canucks zone.
3:37 of 1st overtime period - Icing by Nicklas Lidstrom.
3:38 of 1st overtime period - Shawn Horcoff wins face-off versus Alexei Kovalev in Oilers zone.

ShootOut

ShootOut - Penalty Shot by Alexei Kovalev for Canucks.
ShootOut - Stopped by Jussi Markkanen.
ShootOut - Penalty Shot by Daniel Alfredsson for Oilers.
ShootOut - Stopped by Vesa Toskala.
ShootOut - Penalty Shot by Saku Koivu for Canucks.
ShootOut - Goal by Saku Koivu.
ShootOut - Penalty Shot by Ryan Smyth for Oilers.
ShootOut - Goal by Ryan Smyth.
ShootOut - Penalty Shot by Brendan Morrison for Canucks.
ShootOut - Stopped by Jussi Markkanen.
ShootOut - Penalty Shot by Mike Sillinger for Oilers.
ShootOut - Stopped by Vesa Toskala.
ShootOut - Penalty Shot by Bryan Smolinski for Canucks.
ShootOut - Shot Misses the Net.
ShootOut - Penalty Shot by Raffi Torres for Oilers.
ShootOut - Stopped by Vesa Toskala.
ShootOut - Penalty Shot by Jan Bulis for Canucks.
ShootOut - Stopped by Jussi Markkanen.
ShootOut - Penalty Shot by Keith Tkachuk for Oilers.
ShootOut - Goal by Keith Tkachuk.


Output by the SimonT Hockey Simulator (STHS) for Stephane Roy -- Original Page W3C XHTML 1.0 Valid